 Dungeon Crawl Stone Soup version 0.28.0-45-g0d030f2227 (webtiles) character file.

Game seed: 4865316715849183479

2188 Ablot the Cutter (level 9, -7/66 HPs)
             Began as a Gnoll Chaos Knight on Apr 19, 2022.
             Was a Plaything of Xom.
             Mangled by a wolf (10 damage)
             ... led by Grum
             ... on level 8 of the Dungeon.
             The game lasted 00:10:53 (5858 turns).

Ablot the Cutter (Gnoll Chaos Knight)               Turns: 5858, Time: 00:10:55

Health: -7/66      AC: 11    Str: 13 (14) XL:     9   Next: 33%
Magic:  0/15       EV: 14    Int: 10 (13) God:    Xom [....*.]
Gold:   421        SH:  0    Dex: 19 (20) Spells: 12/16 levels left

rFire   . . .      SeeInvis .   a - +0 short sword (chaos)
rCold   . . .      Faith    .   (no shield)
rNeg    . . .      Spirit   +   b - +3 leather armour of the Salmon {rElec Regen+ Dex-2}
rPois   .          Reflect  .   (helmet restricted)
rElec   +          Harm     .   s - +0 cloak
rCorr   +          Rampage  .   (no gloves)
Will    +....                   C - +0 pair of boots
Stlth   ++++......              H - amulet of guardian spirit
HPRegen 1.01/turn               m - ring of resist corrosion
MPRegen 0.14/turn               u - +6 ring of dexterity

@: no status effects
A: fangs 1, strong nose, distributed training, antennae 1, hooves 1, iridescent
scales 1, thin skeletal structure 1, agile 1, frail 1, strong-willed 1
a: Renounce Religion


You were on level 8 of the Dungeon.
You worshipped Xom.
You were a beloved toy of Xom.
You visited 1 branch of the dungeon, and saw 8 of its levels.

You collected 516 gold pieces.
You spent 95 gold pieces at shops.

Inventory:

Hand Weapons
 a - a +0 short sword of chaos (weapon)
 r - a +2 quarterstaff of chaos
Missiles
 f - 134 stones
 j - 5 javelins (quivered)
 k - 84 arrows
 w - 2 silver javelins
 E - 2 boomerangs
 G - 19 sling bullets
Armour
 b - the +3 leather armour of the Salmon (worn) {rElec Regen+ Dex-2}
   (You found it on level 5 of the Dungeon)

   Dex:       It affects your dexterity (-2).
   rElec:     It insulates you from electricity.
   Regen:     It increases your rate of health regeneration.
 s - a +0 cloak (worn)
 C - a +0 pair of boots (worn)
 M - a +2 robe of fire resistance
Jewellery
 m - a ring of resist corrosion (left hand)
 u - a +6 ring of dexterity (right hand)
 H - an amulet of guardian spirit (around neck)
Wands
 q - a wand of flame (28)
 I - a wand of charming (7)
Scrolls
 g - 5 scrolls of identify {unknown}
 h - 4 scrolls of enchant weapon {unknown}
 l - 3 scrolls of fear {unknown}
 o - a scroll of magic mapping {unknown}
 p - 4 scrolls of fog {unknown}
 t - 3 scrolls of acquirement {unknown}
 y - 3 scrolls of teleportation {unknown}
 A - a scroll of immolation {unknown}
 B - a scroll of amnesia {unknown}
 D - 3 scrolls of enchant armour {unknown}
 K - a scroll of noise {unknown}
Potions
 c - a potion of lignification {unknown}
 d - 2 potions of degeneration
 e - 2 potions of haste {unknown}
 i - a potion of mutation {unknown}
 n - 2 potions of cancellation {unknown}
 v - 2 potions of attraction
 x - 2 potions of heal wounds {unknown}
 z - 2 potions of brilliance {unknown}
 F - 2 potions of flight {unknown}
 J - a potion of magic {unknown}
 L - a potion of might {unknown}
 N - 2 potions of ambrosia {unknown}
 O - 3 potions of curing {unknown}


   Skills:
 + Level 7.8 Fighting
 + Level 7.8 Short Blades
 + Level 4.1 Long Blades
 + Level 4.1 Axes
 + Level 4.1 Maces & Flails
 + Level 4.1 Polearms
 + Level 4.1 Staves
 + Level 4.1 Slings
 + Level 4.1 Bows
 + Level 4.1 Crossbows
 + Level 4.1 Throwing
 + Level 6.2 Armour
 + Level 4.9 Dodging
 + Level 4.1 Stealth
 + Level 4.1 Shields
 + Level 4.1 Unarmed Combat
 + Level 4.1 Spellcasting
 + Level 3.4 Conjurations
 + Level 3.4 Hexes
 + Level 3.4 Summonings
 + Level 3.4 Necromancy
 + Level 3.4 Translocations
 + Level 3.4 Transmutations
 + Level 3.4 Fire Magic
 + Level 3.4 Ice Magic
 + Level 3.4 Air Magic
 + Level 3.4 Earth Magic
 + Level 3.4 Poison Magic
 + Level 4.5 Invocations
 + Level 4.1 Evocations


You had 12 spell levels left.
You knew the following spells:

 Your Spells              Type           Power      Damage    Failure   Level
a - Blink                 Tloc           16%        N/A       12%         2
b - Wereblood             Tmut           8%         N/A       12%         2

Your spell library contained the following spells:

 Spells                   Type           Power      Damage    Failure   Level
 Animate Skeleton         Necr           16%        N/A       8%          1
 Beastly Appendage        Tmut           16%        N/A       8%          1
 Pain                     Necr           32%        1d5       8%          1
 Ignite Poison            Fire/Tmut/Pois 8%         N/A       22%         3
 Mephitic Cloud           Conj/Pois/Air  8%         N/A       22%         3
 Spider Form              Tmut/Pois      8%         N/A       22%         3
 Vampiric Draining        Necr           8%         2d6       22%         3
 Freezing Cloud           Conj/Ice/Air   4%         6-21      91%         5
 Manifold Assault         Tloc           8%         N/A       91%         5
 Storm Form               Tmut/Air       4%         N/A       100%        7


Dungeon Overview and Level Annotations

Branches:
Dungeon (8/15)             Temple (0/1) D:4
   Lair: D:8-11

Altars:
Makhleb
Qazlal
Trog
Uskayaw
Xom

Shops:
D:8 *

Annotations:
D:7 2 transporters, duchin's ghost, novice GrEE


Innate Abilities, Weirdness & Mutations

You have very sharp teeth.
Your uncanny sense of smell can sniff out nearby items.
Your experience applies equally to all skills.
You have a pair of small antennae on your head.
You have large cloven feet.
You are partially covered in iridescent scales. (AC +2)
You have a somewhat thin skeletal structure. (Dex +2, Stealth+)
You are agile. (Dex +2)
You are frail. (-10% HP)
You are strong-willed. (Will+)


Message History

The wolf is moderately wounded.
The wolf bites you but does no damage.
Your quasit closely misses the wolf. x2
Your quasit claws the wolf but does no damage.
You hit the wolf but do no damage.
The wolf is moderately wounded.
The wolf barely misses you.
A wolf comes into view.
You closely miss the wolf.
The wolf is moderately wounded.
The wolf bites you.
Your quasit bites the wolf but does no damage.
Your quasit claws the wolf but does no damage. x2
The wolf bites you.
You hit the wolf.
The wolf flickers and vanishes!
Deactivating autopickup; reactivate with Ctrl-A.
Something bites you but does no damage.
You completely miss something. Something bites your quasit.
You hit something. Something bites you but does no damage.
You hit something but do no damage. Your bite misses something.
Something barely misses you.
You hit something. Your punch misses something.
Something bites you but does no damage. Something bites you!
You miss something. Something bites you. Something bites you!
You miss something. Your punch misses something. Something bites you.
You miss something. Something bites you.
Something bites you but does no damage.
You completely miss something. Something bites you. x2
You barely miss something. Something bites you. Something bites you!
You miss something. Something bites you. Something bites you!
* * * LOW HITPOINT WARNING * * *
You miss something. Something bites you!
* * * LOW HITPOINT WARNING * * *
You emit a cloud of colourful smoke!
It was a potion of degeneration.
There was something very wrong with that liquid.
You feel weakened.
You feel dopey.
You feel clumsy. Something bites you.
* * * LOW HITPOINT WARNING * * *
Something bites you!
You die...

∆∆∆ #..##.#####...###.
∆∆∆ ##.##.........##..
∆∆∆ #....####....##.#
####.## #....#..# #..#
##...).## #
##.######..##
#..########.>.....†.#
#..h{5§....####.......
.{#@§..#............
##§...##...........
#......#..##.......
##..##..##..#.......
#..####..#..........
#..####..#.###......
##..##..##.#
#..)...#..#
##....##..#


You could see a wolf and a friendly quasit (summoned).

Vanquished Creatures
  Grum (D:8)
  A steam dragon (D:7)
  A warg (D:7)
  3 water moccasins
  An orc warrior (D:7)
  A black bear (D:5)
  2 ogres
  A centaur (D:8)
  A phantom (D:7)
  2 bullfrogs
  2 scorpions
  5 howler monkeys
  2 hounds
  A jelly (D:3)
  Crazy Yiuf (D:2)
  A bullfrog skeleton (D:5)
  A gnoll shaman (D:7)
  A centaur skeleton (D:5)
  Jessica (D:3)
  An iguana (D:7)
  An orc wizard (D:7)
  A killer bee zombie (D:6)
  2 hound skeletons (D:4)
  4 gnolls (D:7)
  5 adders
  2 shadow imps (D:7)
  A white imp (D:5)
  2 worms
  4 dart slugs
  14 orcs
  4 ball pythons
  3 bats (D:1)
  5 endoplasms
  8 giant cockroaches
  5 goblins
  3 hobgoblins
  7 kobolds
  4 quokkas
  5 frilled lizards
  5 rats
  A spectral goblin (D:2)
116 creatures vanquished.

Vanquished Creatures (collateral kills)
  A centaur zombie (D:8)
  An orc wizard (D:7)
  An orc (D:7)
3 creatures vanquished.

Vanquished Creatures (others)
  11 fungi (D:8)
  6 plants (D:7)
  3 toadstools (D:8)
20 creatures vanquished.

Grand Total: 139 creatures vanquished

Notes
Turn   | Place    | Note
-------+----------+-------------------------------------------
     0 | D:1      | Ablot the Gnoll Chaos Knight began the quest for the Orb.
     0 | D:1      | Reached XP level 1. HP: 23/23 MP: 1/1
    34 | D:1      | Reached XP level 2. HP: 27/29 MP: 2/2
    35 | D:1      | XOM: divination: detect creatures
   307 | D:1      | XOM: stat loss: -1 Int (10/11)
   548 | D:1      | Reached XP level 3. HP: 35/35 MP: 3/3
  1008 | D:2      | Reached skill level 1 in Invocations
  1018 | D:2      | Noticed Terence
  1039 | D:2      | XOM: swap monsters
  1050 | D:2      | Noticed Terence
  1050 | D:2      | Terence changed into Terence the scorpion
  1050 | D:2      | XOM: polymorph Terence -> Terence the scorpion
  1057 | D:2      | Found a faded altar of an unknown god.
  1057 | D:2      | XOM: 4-stop teleportation journey
  1064 | D:2      | Killed Terence the scorpion
  1065 | D:2      | Reached skill level 1 in Long Blades
  1065 | D:2      | Reached skill level 1 in Axes
  1065 | D:2      | Reached skill level 1 in Maces & Flails
  1065 | D:2      | Reached skill level 1 in Polearms
  1065 | D:2      | Reached skill level 1 in Staves
  1065 | D:2      | Reached skill level 1 in Slings
  1065 | D:2      | Reached skill level 1 in Bows
  1065 | D:2      | Reached skill level 1 in Crossbows
  1065 | D:2      | Reached skill level 1 in Throwing
  1065 | D:2      | Reached skill level 1 in Stealth
  1065 | D:2      | Reached skill level 1 in Shields
  1065 | D:2      | Reached skill level 1 in Unarmed Combat
  1065 | D:2      | Reached skill level 1 in Spellcasting
  1065 | D:2      | Reached skill level 1 in Conjurations
  1065 | D:2      | Reached skill level 1 in Hexes
  1065 | D:2      | Reached skill level 1 in Summonings
  1065 | D:2      | Reached skill level 1 in Necromancy
  1065 | D:2      | Reached skill level 1 in Translocations
  1065 | D:2      | Reached skill level 1 in Transmutations
  1065 | D:2      | Reached skill level 1 in Fire Magic
  1065 | D:2      | Reached skill level 1 in Ice Magic
  1065 | D:2      | Reached skill level 1 in Air Magic
  1065 | D:2      | Reached skill level 1 in Earth Magic
  1065 | D:2      | Reached skill level 1 in Poison Magic
  1065 | D:2      | Reached skill level 1 in Evocations
  1065 | D:2      | Reached XP level 4. HP: 25/41 MP: 5/5
  1437 | D:2      | Reached XP level 5. HP: 41/47 MP: 6/6
  1799 | D:2      | Found a runed translucent door.
  1800 | D:2      | Noticed Crazy Yiuf
  1812 | D:2      | Killed Crazy Yiuf
  1939 | D:2      | XOM: summons 2 hostile shadow creatures
  2292 | D:3      | Noticed Jessica
  2305 | D:3      | Killed Jessica
  2320 | D:3      | XOM: 2-stop teleportation journey
  2562 | D:3      | Reached XP level 6. HP: 53/53 MP: 8/8
  2591 | D:3      | Reached skill level 5 in Armour
  2906 | D:4      | Found a stormy altar of Qazlal.
  2999 | D:4      | XOM: give mutations
  2999 | D:4      | Gained mutation: You are frail. (-10% HP) [Xom's mischief]
  2999 | D:4      | Gained mutation: You are clumsy. (Dex -2) [Xom's mischief]
  2999 | D:4      | Gained mutation: You are strong-willed. (Will+) [Xom's
                  | mischief]
  3072 | D:4      | Found a staircase to the Ecumenical Temple.
  3143 | D:4      | Found a hide-covered altar of Uskayaw.
  3378 | D:5      | Entered Level 5 of the Dungeon
  3381 | D:5      | Reached XP level 7. HP: 53/53 MP: 10/10
  3449 | D:5      | Found a bloodstained altar of Trog.
  3607 | D:5      | XOM: summons friendly white imp
  3608 | D:5      | XOM: butterfly on damage
  4117 | D:5      | Identified the +3 leather armour of the Salmon {rElec
                  | Regen+ Dex-2}
  4222 | D:6      | Found a shimmering altar of Xom.
  4233 | D:6      | Learned a level 2 spell: Blink
  4353 | D:6      | XOM: 2-stop teleportation journey
  4456 | D:6      | Found a burning altar of Makhleb.
  4510 | D:6      | XOM: give mutations
  4510 | D:6      | Lost mutation: You are clumsy. (Dex -2) [Xom's mischief]
  4510 | D:6      | Gained mutation: Your body sometimes deteriorates upon
                  | taking damage. [Xom's mischief]
  4510 | D:6      | Gained mutation: You have a somewhat thin skeletal
                  | structure. (Dex +2, Stealth+) [Xom's mischief]
  4510 | D:6      | Lost mutation: Your body sometimes deteriorates upon taking
                  | damage. [Xom's mischief]
  4737 | D:6      | Reached XP level 8. HP: 60/60 MP: 12/12
  4807 | D:7      | XOM: divination: detect creatures
  4927 | D:7      | Identified the +1 ring mail of Kindness {rElec rPois Str+7}
  4969 | D:7      | Identified the ring "Athrak" {rN+ Dex+3}
  4981 | D:7      | Found a transporter.
  4981 | D:7      | Found a transporter.
  5054 | D:7      | XOM: cast spell 'Discord'
  5142 | D:7      | Noticed duchin's ghost (novice GrEE)
  5236 | D:7      | Learned a level 2 spell: Wereblood
  5544 | D:8      | Noticed Pikel
  5550 | D:7      | Noticed Pikel
  5550 | D:7      | Pikel changed into Pikel the warg
  5550 | D:7      | XOM: polymorph Pikel -> Pikel the warg
  5555 | D:7      | XOM: smoke on damage
  5556 | D:7      | Killed Pikel the warg
  5556 | D:7      | XOM: summons 1 hostile demon
  5650 | D:8      | Reached XP level 9. HP: 43/64 MP: 12/14
  5657 | D:8      | XOM: divination: detect items
  5662 | D:8      | XOM: summons friendly quasit
  5685 | D:8      | HP: 3/65 [poisoned by a water moccasin]
  5690 | D:8      | HP: 2/65 [poisoned by a water moccasin]
  5700 | D:8      | XOM: fog
  5790 | D:8      | XOM: give mutations
  5790 | D:8      | Gained mutation: You have large cloven feet. [Xom's grace]
  5790 | D:8      | Gained mutation: You have a pair of small antennae on your
                  | head. [Xom's grace]
  5790 | D:8      | Gained mutation: You are partially covered in iridescent
                  | scales. (AC +2) [Xom's grace]
  5790 | D:8      | Gained mutation: You are agile. (Dex +2) [Xom's grace]
  5807 | D:8      | Found Hudyg's Assorted Antiques.
  5815 | D:8      | Bought a puce potion for 23 gold pieces
  5815 | D:8      | Bought a cyan potion for 23 gold pieces
  5815 | D:8      | Bought a scroll labelled FICHAO KOCZITI for 26 gold pieces
  5815 | D:8      | Bought a murky coppery potion for 23 gold pieces
  5833 | D:8      | Noticed Grum
  5842 | D:8      | Killed Grum
  5857 | D:8      | XOM: smoke on damage
  5858 | D:8      | HP: 3/66 [something (5)]
  5858 | D:8      | Mangled by a wolf

Illustrated notes

Levels and vault maps discovered:
D:1:      mushboom_english_gardens, layout_loops_ring, minmay_worlds_worst_comb
D:2:      layout_loops_cross, dreamdust_ecumenical_altar_drowned_temple,
          minmay_misc_feat_nine_boxes, uniq_terence, uniq_crazy_yiuf_cottage
D:3:      layout_loops_ring, minmay_fractal_squares_5, uniq_jessica
D:4:      layout_gridville, mainiacjoe_overflow_surrounded_room,
          grunt_qazlal_sundering, minmay_temple_entry_antechambers,
          nicolae_zen_rock_garden
D:5:      layout_rooms, bloody_trog
D:6:      layout_loops_ring, xom_teletrap_fun, makhleb_blood_cavern_becter
D:7:      layout_loops_cross, gammafunk_ghost_gnarly_gnolls
D:8:      layout_rooms, beargit_hepliaklqana_dungeon_heroes, serial_shops,
          nicolae_shop_overgrown_old_shop, enter_ossuary_3,
          hangedman_abyss_or_decor_lesser_grid, minmay_misc_feat_iff,
          minmay_gold_behind_fungi, nicolae_specific_store, uniq_grum,
          uniq_pikel

Skill      XL: |  1  2  3  4  5  6  7  8  9 |
---------------+----------------------------+-----
Invocations    | 1 2 3 4 |  4.5
Long Blades    | 1 2 3 4 |  4.1
Axes           | 1 2 3 4 |  4.1
Maces & Flails | 1 2 3 4 |  4.1
Polearms       | 1 2 3 4 |  4.1
Staves         | 1 2 3 4 |  4.1
Slings         | 1 2 3 4 |  4.1
Bows           | 1 2 3 4 |  4.1
Crossbows      | 1 2 3 4 |  4.1
Throwing       | 1 2 3 4 |  4.1
Stealth        | 1 2 3 4 |  4.1
Shields        | 1 2 3 4 |  4.1
Unarmed Combat | 1 2 3 4 |  4.1
Spellcasting   | 1 2 3 4 |  4.1
Conjurations   | 1 2 3 |  3.4
Hexes          | 1 2 3 |  3.4
Summonings     | 1 2 3 |  3.4
Necromancy     | 1 2 3 |  3.4
Translocations | 1 2 3 |  3.4
Transmutations | 1 2 3 |  3.4
Fire Magic     | 1 2 3 |  3.4
Ice Magic      | 1 2 3 |  3.4
Air Magic      | 1 2 3 |  3.4
Earth Magic    | 1 2 3 |  3.4
Poison Magic   | 1 2 3 |  3.4
Evocations     | 1 2 3 4 |  4.1
Dodging        | 3 4 |  4.9
Armour         | 5 6 |  6.2
Fighting       | 7 |  7.8
Short Blades   | 7 |  7.8

Action                   |  1- 3 |  4- 6 |  7- 9 || total
-------------------------+-------+-------+-------++-------
Melee: Short sword       |    95 |   150 |   239 ||   484
       Bite              |     9 |    15 |    35 ||    59
       Punch             |     2 |     3 |     6 ||    11
Throw: Javelin           |     1 |       |       ||     1
  Use: Potion            |       |       |     2 ||     2
 Stab: Sleeping          |     2 |     6 |    10 ||    18
       Confused          |       |     1 |     4 ||     5
       Petrifying        |       |     1 |     1 ||     2
       Petrified         |       |     1 |       ||     1
       Paralysed         |       |       |     1 ||     1
       Distracted        |       |       |     2 ||     2
Armor: Leather armour    |    21 |    44 |    81 ||   146
Dodge: Dodged            |    32 |    65 |   129 ||   226
